 Dungeon Crawl Stone Soup version 0.28.0-62-gf88900778d (webtiles) character file.

Game seed: 10677977214369454050

2472505 cbfl8 the Conqueror (level 27, 143/273 HPs)
             Began as a Minotaur Berserker on July 4, 2023.
             Was a Believer of Trog.
             Escaped with the Orb
             ... and 5 runes!
             The game lasted 04:17:37 (112015 turns).

cbfl8 the Conqueror (Minotaur Berserker)          Turns: 112015, Time: 04:17:37

Health: 143/273    AC: 47    Str: 35    XL:     27
Magic:  6/6        EV: 31    Int: -1 (4) God:    Trog [**....]
Gold:   3653       SH: 41    Dex: 32    Spells: 26/26 levels left

rFire   + + +      SeeInvis +   U - +9 broad axe (antimagic)
rCold   x . .      Faith    .   R - +6 tower shield "Riexa" {rElec rCorr}
rNeg    + + +      Spirit   .   Z - +10 plate armour of Negligence {Contam Harm rF+++ rCorr}
rPois   +          Reflect  +   H - +2 hat
rElec   +          Harm     +   w - +2 cloak {rPois}
rCorr   +          Rampage  ∞   F - +0 pair of gloves of Proximity {rElec rC- rN+++ Str+4}
Will    ++...      Clarity  +   b - +3 pair of seven-league boots {Rampage+∞}
Stlth   +.........              W - amulet "Danuychakh" {Reflect rF+ Str+2 Dex+4 SH+5 Stlth+}
HPRegen 0.55/turn               M - +6 ring of strength
MPRegen 0.10/turn               O - ring of Wacehuf {Drain rN+ rCorr Str-3 Dex+8}

@: on berserk cooldown, slowed, lost intelligence, studying 2 skills, unable to
read, very slow
A: horns 2, retaliatory headbutt, hooves 1, iridescent scales 1, see invisible,
clarity, low MP 2, inability to read while threatened
0: Orb of Zot
}: 5/15 runes: decaying, serpentine, slimy, silver, abyssal
a: Renounce Religion, Berserk, Trog's Hand


You escaped.
You worshipped Trog.
Trog was pleased with you.
You visited 16 branches of the dungeon, and saw 62 of its levels.
You visited the Abyss 9 times.
You visited 1 ziggurat, and saw 15 of its levels.
You also visited: Sewer, Ossuary, Wizlab and Desolation.

You collected 9340 gold pieces.
You spent 5687 gold pieces at shops.

Inventory:

Hand Weapons
 U - a +9 antimagic broad axe (weapon)
Missiles
 c - 7 javelins
 A - a throwing net
 I - 8 silver boomerangs (quivered)
Armour
 b - the +3 pair of seven-league boots (worn) {Rampage+∞}
   (You acquired it on level 4 of the Dungeon)

   Its wearer moves as far as possible in that direction when moving towards
   enemies.
 w - a +2 cloak of poison resistance (worn)
 F - the +0 pair of gloves of Proximity (worn) {rElec rC- rN+++ Str+4}
   (You found it in the Desolation of Salt)

   Str:       It affects your strength (+4).
   rC:        It makes you vulnerable to cold.
   rElec:     It insulates you from electricity.
   rN:        It renders you almost immune to negative energy.
 H - a +2 hat (worn)
 R - the +6 tower shield "Riexa" (worn) {rElec rCorr}
   (You took it off Mennas on level 4 of the Depths)

   rElec:     It insulates you from electricity.
   rCorr:     It protects you from acid and corrosion.
 Z - the +10 plate armour of Negligence (worn) {Contam Harm rF+++ rCorr}
   (You found it on level 3 of the Elven Halls)

   rF:        It renders you almost immune to fire.
   Contam:    It causes magical contamination when unequipped.
   rCorr:     It protects you from acid and corrosion.
   Harm:      It increases damage dealt and taken.
Jewellery
 n - the ring of Taghixu {+Blink MP+9 Int+6}
   (You found it on level 8 of a ziggurat)

   [ring of intelligence]

   Int:       It affects your intelligence (+6).
   MP:        It affects your magic capacity (+9).
   +Blink:    It lets you blink.
 M - a +6 ring of strength (left hand)
 O - the ring of Wacehuf (right hand) {Drain rN+ rCorr Str-3 Dex+8}
   (You found it on level 3 of the Crypt)

   [ring of positive energy]

   Str:       It affects your strength (-3).
   Dex:       It affects your dexterity (+8).
   rN:        It protects you from negative energy.
   rCorr:     It protects you from acid and corrosion.
   Drain:     It drains your maximum health when unequipped.
 W - the amulet "Danuychakh" (around neck) {Reflect rF+ Str+2 Dex+4 SH+5 Stlth+}
   (You found it on level 3 of the Depths)

   [amulet of reflection]

   It reflects blocked missile attacks.
   Str:       It affects your strength (+2).
   Dex:       It affects your dexterity (+4).
   rF:        It protects you from fire.
   SH:        It affects your SH (+5).
   Stlth:     It makes you more stealthy.
Wands
 r - a wand of digging (17)
 s - a wand of acid (20)
 B - a wand of mindburst (32)
 C - a wand of polymorph (30)
 D - a wand of charming (21)
 G - a wand of iceblast (66)
 L - a wand of flame (59)
 S - a wand of paralysis (8)
Scrolls
 d - 16 scrolls of fog
 f - 8 scrolls of fear
 j - 5 scrolls of silence
 l - 2 scrolls of holy word
 m - 28 scrolls of teleportation
 o - 9 scrolls of magic mapping
 y - 3 scrolls of summoning
Potions
 a - 15 potions of curing
 e - 9 potions of haste
 h - 4 potions of invisibility
 k - 3 potions of berserk rage
 q - a potion of cancellation
 z - 2 potions of resistance
 E - 9 potions of flight
 Q - 2 potions of mutation
 V - 2 potions of might
Miscellaneous
 g - the horn of Geryon
 p - a phantom mirror
 t - a condenser vane
 x - a tin of tremorstones (2/2)
 K - a phial of floods
 P - a piece from Xom's chessboard (15/15)
 X - a box of beasts


   Skills:
 O Level 27 Fighting
 + Level 1.8(2.2) Short Blades
 + Level 2.0(2.4) Long Blades
 - Level 24.8 Axes
 + Level 2.0 Staves
 + Level 3.0(16.0) Slings
 + Level 2.4 Bows
 + Level 2.3 Crossbows
 * Level 21.9(22.0) Throwing
 O Level 27 Armour
 + Level 21.6 Dodging
 + Level 12.8 Stealth
 O Level 27 Shields
 + Level 3.0 Unarmed Combat
 + Level 2.7 Invocations
 * Level 22.7 Evocations


You had 26 spell levels left.
You didn't know any spells.
Your spell library was empty.

Dungeon Overview and Level Annotations

Branches:
Dungeon (15/15)            Temple (0/1) D:7            Lair (6/6) D:10
  Swamp (4/4) Lair:2        Snake (4/4) Lair:3        Slime (5/5) Lair:5
    Orc (2/2) D:9             Elf (3/3) Orc:2        Vaults (5/5) D:13
  Crypt (3/3) Vaults:2       Tomb (1/3) Crypt:3      Depths (4/4) D:15
   Hell (visited)             Dis (1/7) Hell            Geh (2/7) Hell
    Coc (0/7) Hell            Tar (1/7) Hell            Zot (5/5) Depths:4
  Sewer (visited)         Ossuary (visited)          WizLab (visited)
Desolation (visited)

Altars:
Ashenzari
Cheibriados
Fedhas
Gozag
Kikubaaqudgha
Makhleb
Okawaru
Qazlal
Ru
Trog
Uskayaw
Vehumet
Xom
Yredelemnul
Beogh
Lugonu

Shops:
D:7 [   D:9 ([   Orc:2 **!*   Elf:2 :==   Snake:2 [   Snake:3 (*   Vaults:5 ?!?
Depths:1 [   Depths:2 *

Portals:
Hell: Depths:1 Depths:2 Depths:3 Depths:4
Abyss: Lair:6 Depths:3
Pandemonium: Depths:2 Depths:3 Depths:4

Annotations:
Depths:3 1 exclusion
Zot:5 1 exclusion


Innate Abilities, Weirdness & Mutations

You have a pair of horns on your head.
You reflexively headbutt those who attack you in melee.
You have large cloven feet.
You are partially covered in iridescent scales. (AC +2)
You have supernaturally acute eyesight. (SInv)
You possess an exceptional clarity of mind.
Your magical capacity is very low. (-20% MP)
You sometimes lose the ability to read scrolls when taking damage.


Message History

The Tzitzimitl is moderately wounded.
You block the Tzitzimitl's attack. The Tzitzimitl closely misses you.
You hit the Tzitzimitl but do no damage.
You headbutt the Tzitzimitl, but do no damage.
The Tzitzimitl is moderately wounded.
You block the Tzitzimitl's attack. x2
You closely miss the Tzitzimitl. You headbutt the Tzitzimitl!!
The Tzitzimitl is heavily wounded.
You block the Tzitzimitl's attack. x2
You miss the Tzitzimitl.
The Tzitzimitl is heavily wounded.
You block the Tzitzimitl's attack. The Tzitzimitl bites you!
You are too injured to fight recklessly!
You are too injured to fight recklessly!
A red film seems to cover your vision as you go berserk!
You feel yourself moving faster!
You feel mighty!
The Tzitzimitl engulfs you but does no damage.
You block the Tzitzimitl's attack. The Tzitzimitl completely misses you.
You block the Tzitzimitl's attack.
You slash the Tzitzimitl!
The Tzitzimitl's magic leaks into the air.
You headbutt the Tzitzimitl!
The Tzitzimitl is severely wounded.
The Tzitzimitl misses you.
The Tzitzimitl bites you but does no damage.
You hit the Tzitzimitl.
The Tzitzimitl's magic leaks into the air.
The Tzitzimitl is severely wounded.
You miss the Tzitzimitl.
The Tzitzimitl is severely wounded.
The Tzitzimitl completely misses you. You block the Tzitzimitl's attack.
You chop the Tzitzimitl into pieces!!!
You kill the Tzitzimitl!
Trog accepts your kill.
You feel a strong urge to attack something.
You feel your anger nearly subside.
You are no longer berserk.
You are exhausted.
You feel yourself slow down.
A reaper comes into view. It is wielding a +2 scythe of venom.
You have escaped!

..#...#...##P........##...#...#§§
..#...#...##'#...P.#'##...#...#..
'##...#...##.###'###.##...#...##'
.###..#...#...#...#...#...#..###.
...#'##...#...#.>.#...#...##'#...
......##'###'##.2.##'###'##......
##...........###'###...........##
#####.....................######
######.....@...[.######>.... ####
############# ###### ...# #..#
##.# #..# #.# ##.###############
#.#########...............#
#...........#######.#.###.#
###########..# #.### #.# ..#
#...# ##.# #.### #.#


You could see a reaper.

Vanquished Creatures
  the Royal Jelly (Slime:5)
  5 pandemonium lords
  8 dread liches
  4 orbs of fire
  15 ancient liches
  Khufu (Crypt:2)
  The ghost of Cyqimiab the Merfolkian Porcupine, a legendary MfGl of Ru (Zot:1)
  Mennas (Depths:4)
  7 juggernauts
  A royal mummy (Depths:3)
  Sojobo (Depths:3)
  6 Killer Klowns
  Saint Roka (Crypt:2)
  4 caustic shrikes (Dis:1)
  5 curse toes
  Nikola (Swamp:3)
  9 golden dragons
  The ghost of Suekhlun the Warrior, an adept DgCj (Depths:1)
  Geryon (Hell)
  A profane servitor (Abyss:1)
  A pearl dragon (Zig:5)
  5 Tzitzimimeh
  A doom hound (Tar:1)
  2 electric golems (Zot:5)
  2 hellephants
  8 bone dragons
  A Brimstone Fiend (D:9)
  20 tentacled monstrosities
  27 Orb Guardians
  Mlioglotl (Snake:3)
  17 liches
  2 Ice Fiends
  6 titans (Vaults:5)
  8 quicksilver dragons
  A walking frostbound tome (Depths:3)
  2 deep elf master archers (Elf:3)
  5 deep elf blademasters
  30 tentacled starspawn
  14 death cobs
  14 sphinxes
  6 ancient champions
  16 acid blobs
  Murray (Hell)
  Kirke (Lair:3)
  An Executioner (Abyss:5)
  The ghost of Bead Fatuargh the Slayer, an adept DsFi of Hepliaklqana (Snake:3)
  3 thorn hunters
  9 storm dragons
  14 tengu reavers
  11 shadow dragons
  Donald (Snake:2)
  14 nagarajas
  7 draconian monks
  14 draconian knights
  7 rockslimes
  5 daevas
  A revenant (Tomb:1)
  A fire giant (shapeshifter) (Zig:9)
  5 fire giants
  10 frost giants
  8 azure jellies
  2 azure jellies (shapeshifter)
  7 draconian scorchers
  8 deep elf sorcerers
  15 vault wardens
  4 balrugs
  2 iron dragons
  2 cacodemons
  4 orc warlords
  A ghost moth (shapeshifter) (Zig:9)
  3 ghost moths
  A caustic shrike zombie (Abyss:3)
  2 curse skulls
  2 imperial myrmidons (Desolation)
  2 juggernaut zombies
  2 deep elf elementalists (Elf:3)
  A caustic shrike skeleton (Depths:3)
  12 draconian stormcallers
  A spriggan defender (Depths:2)
  11 draconian shifters
  17 draconian annihilators
  5 ghouls
  22 ironbound preservers
  12 quicksilver oozes
  19 stone giants
  13 war gargoyles
  14 black draconians
  A juggernaut skeleton (Abyss:3)
  28 very ugly things
  5 reapers
  11 ironbound thunderhulks
  A putrid mouth (Tar:1)
  3 angels
  2 ophanim
  2 halazid warlocks (Desolation)
  A spectral Killer Klown (Zot:1)
  7 vampire knights
  2 demonspawn blood saints (Zig:14)
  18 red draconians
  12 deep elf annihilators
  6 bennus
  11 deep elf demonologists
  3 green draconians
  An entropy weaver (Zig:8)
  An apis (Zig:5)
  2 lorocyprocas
  Azrael (Elf:2)
  2 eleionomae
  11 purple draconians
  2 spark wasps (Depths:3)
  3 bunyips
  A dire elephant (shapeshifter) (Zig:9)
  11 white draconians
  26 dire elephants
  10 yellow draconians
  9 ettins
  3 iron golems (Zig:4)
  7 crystal guardians
  11 deep elf death magi
  8 mummy priests (Tomb:1)
  A spectral quicksilver dragon (Zot:1)
  3 blizzard demons
  4 jiangshi
  6 green deaths
  7 ragged hierophants (Desolation)
  7 fire dragons
  5 shambling mangroves
  9 ice dragons
  A spriggan zombie (Crypt:2)
  8 deep elf high priests
  7 salamander tyrants
  12 peacekeepers
  10 yaktaur captains
  8 servants of whispers (Desolation)
  2 rakshasas (Abyss:4)
  2 boulder beetles
  14 great orbs of eyes
  32 vault guards
  A catoblepas (D:14)
  9 ironbound frosthearts
  A quicksilver dragon skeleton (Abyss:2)
  5 hell beasts
  31 naga warriors
  An ogre mage (Vaults:5)
  21 hydras
  4 spriggan air magi
  A juggernaut simulacrum (Depths:1)
  2 ghost crabs
  13 anacondas
  9 centaur warriors
  A fenstrider witch skeleton (Tomb:1)
  5 deep troll shamans
  A spectral draconian (Zot:1)
  A satyr (Abyss:3)
  4 death knights
  4 death yaks (Lair:6)
  A spriggan skeleton (Crypt:3)
  9 two-headed ogres
  6 alligators
  A Killer Klown simulacrum (Zot:1)
  40 dancing weapons
  22 death scarabs
  2 deep troll earth magi
  10 hell hogs
  2 satyrs (shapeshifter) (Depths:3)
  6 tengu warriors
  10 naga sharpshooters
  9 orc high priests
  2 vampire magi
  22 thrashing horrors
  3 spriggan berserkers
  23 deep elf knights
  9 shock serpents
  17 sun demons
  25 hell knights
  Sonja (Lair:4)
  7 soul eaters
  The ghost of safid the Geomancer, a novice GrEE of Vehumet (D:8)
  A storm dragon zombie (Depths:1)
  25 wretched stars
  31 skeletal warriors
  A fire crab (shapeshifter) (D:13)
  2 golden dragon zombies
  A goliath frog (shapeshifter) (Zig:8)
  8 salamander mystics
  2 shadow wraiths
  9 iron trolls
  4 goliath frogs
  An anaconda zombie (Crypt:2)
  A cherub (Zig:5)
  4 sea snakes (Snake:1)
  7 spriggan druids
  8 spatial maelstroms
  A quicksilver dragon simulacrum (Crypt:2)
  A flayed ghost (Swamp:4)
  8 sixfirhies
  A death drake (Swamp:1)
  14 wizards
  A bunyip skeleton (Crypt:2)
  6 lindwurms
  12 naga ritualists
  11 phantasmal warriors
  32 ironbound convokers
  A shadow demon (D:1)
  6 bog bodies
  2 spectral hydras (Swamp:4)
  52 deep trolls
  A harpy (Vaults:1)
  19 orc knights
  An orange crystal statue (Zig:15)
  9 swamp dragons
  10 glowing orange brains
  A stone giant zombie (Depths:1)
  A spriggan simulacrum (Hell)
  16 mana vipers
  A golden dragon skeleton (Depths:3)
  13 deep elf archers
  7 will-o-the-wisps
  34 deep elf pyromancers
  4 fire giant zombies
  4 oklob plants
  A shadow dragon skeleton (Crypt:3)
  6 orc sorcerers
  44 deep elf zephyrmancers
  2 frost giant zombies (Depths:1)
  A tengu skeleton (Depths:1)
  The ghost of bronco the Basher, a novice HuMo (D:7)
  23 necromancers
  33 ugly things
  5 shining eyes
  A sphinx skeleton (Depths:3)
  99 slime creatures
  7 worldbinders
  A manticore (shapeshifter) (Abyss:3)
  25 salamanders
  A wolf spider (shapeshifter) (Vaults:5)
  5 cyclopes
  A draconian skeleton (Zot:4)
  22 moths of wrath
  A manticore (D:15)
  14 elephants
  A spectral alligator snapping turtle (Tar:1)
  A moth of wrath (shapeshifter) (Zig:8)
  17 naga magi
  An elf zombie (Vaults:1)
  14 guardian serpents
  A black mamba (shapeshifter) (Zig:10)
  5 apocalypse crabs
  4 eyes of devastation
  22 vault sentinels
  A storm dragon simulacrum (Zot:1)
  27 smoke demons
  6 orange demons
  2 stone giant skeletons
  30 black mambas
  7 rust devils
  An eye of devastation (shapeshifter) (Vaults:4)
  15 cane toads
  3 molten gargoyles (Hell)
  A gargoyle (D:11)
  5 hellions
  A centaur skeleton (Crypt:3)
  9 komodo dragons
  A dire elephant skeleton (Crypt:2)
  2 rime drakes
  4 tengu conjurers
  21 yaktaurs
  Psyche (D:9)
  2 efreet
  A rime drake (shapeshifter) (Abyss:3)
  A black draconian zombie (Crypt:1)
  A black draconian skeleton (Crypt:1)
  2 kobold demonologists
  A green draconian skeleton (Crypt:1)
  An unseen horror (shapeshifter) (Lair:6)
  3 unseen horrors
  A tormentor (Dis:1)
  4 ice devils
  A yaktaur (shapeshifter) (Elf:1)
  7 freezing wraiths
  A minotaur skeleton (Crypt:2)
  A silent spectre (Abyss:3)
  14 guardian mummies
  8 hellwings
  4 hydra zombies
  2 bloated husks
  6 red devils
  9 trolls
  20 ancient zymes
  2 tengu simulacra
  2 death drake zombies (Swamp:4)
  3 harpy skeletons
  2 harpy zombies (Crypt:2)
  3 polar bears
  64 raiju
  A queen bee (Lair:1)
  11 hornets
  A death drake skeleton (Swamp:4)
  7 tyrant leeches
  80 saltlings
  22 blink frogs
  A blink frog (shapeshifter) (D:15)
  A dream sheep (shapeshifter) (Vaults:5)
  2 sphinx simulacra
  64 large abominations
  A boulder beetle zombie (Crypt:1)
  56 flying skulls
  2 air elementals
  84 starcursed masses
  A shadow (D:11)
  2 ettin skeletons
  6 wraiths
  A spriggan (shapeshifter) (D:15)
  13 spriggans
  A naga simulacrum (Abyss:3)
  6 water elementals
  39 yaks
  4 wyverns
  14 ynoxinuls
  8 fire elementals
  4 fire bats (Abyss:3)
  2 ushabtiu (Tomb:1)
  3 golden eyes (Abyss:4)
  A golden eye (shapeshifter) (Abyss:3)
  4 hogs (Lair:3)
  A basilisk (shapeshifter) (Elf:1)
  24 vampire mosquitoes
  7 basilisks
  16 humans (D:13)
  A black mamba skeleton (Crypt:1)
  8 redbacks (D:15)
  A wyvern (shapeshifter) (Depths:3)
  3 steam dragons
  A redback (shapeshifter) (Depths:3)
  Grum (D:9)
  16 chaos spawn
  15 neqoxecs
  17 spatial vortices
  A two-headed ogre zombie (Crypt:3)
  4 wargs
  17 swamp worms
  An acid dragon (D:12)
  51 nagas
  A naga zombie (Crypt:2)
  A harpy simulacrum (Abyss:5)
  12 water moccasins
  3 hell hounds
  4 hydra simulacra (Swamp:4)
  A floating eye (Depths:3)
  5 swamp dragon zombies (Swamp:4)
  An ice beast (D:6)
  65 orc warriors
  6 swamp drakes
  10 necrophages
  4 sky beasts
  7 black bears
  20 ogres
  3 boggarts (Vaults:3)
  24 wolves
  8 centaurs
  A swamp dragon skeleton (Swamp:4)
  3 phantoms
  A draconian zombie (Crypt:1)
  A rime drake skeleton (Crypt:1)
  3 kobold brigands
  8 bullfrogs
  9 earth elementals
  A wyvern zombie (D:8)
  A gnoll sergeant (D:8)
  46 small abominations
  A cyclops skeleton (Crypt:2)
  A water moccasin skeleton (D:4)
  24 killer bees (Lair:1)
  9 wights
  2 electric eels
  A troll skeleton (Crypt:2)
  5 centaur zombies
  3 quasits
  4 hounds
  A basilisk zombie (Crypt:1)
  7 iron imps
  2 jellies
  A gnoll shaman (D:6)
  45 orc priests
  An iguana (D:5)
  17 orc wizards
  5 hell rats (Lair:4)
  A killer bee zombie (D:8)
  An ogre skeleton (Crypt:2)
  A hound skeleton (D:5)
  27 mummies
  2 howler monkey zombies
  9 gnolls
  3 river rats (Sewer)
  10 adders
  An adder (shapeshifter) (Depths:3)
  A steam dragon skeleton (Crypt:2)
  A shadow imp (D:6)
  9 white imps
  3 ufetubi
  An adder skeleton (D:4)
  2 worms
  4 dart slugs
  110 orcs
  5 spectral bats (Ossuary)
  18 ball pythons
  3 bat simulacra (Ossuary)
  9 endoplasms
  A giant cockroach (D:4)
  12 gnoll zombies (Ossuary)
  8 goblins
  7 hobgoblins
  3 jackals (D:5)
  17 kobolds
  3 quokkas
  4 bats
  A dart slug zombie (Crypt:1)
  8 frilled lizards
  6 goblin zombies (Ossuary)
  4 hobgoblin zombies (Ossuary)
  6 kobold simulacra (Ossuary)
  A kobold skeleton (Crypt:2)
  4 kobold zombies (Ossuary)
  4 orc zombies (Ossuary)
  24 rats
  2 rat simulacra (Ossuary)
  A river rat zombie (Crypt:1)
  2 spectral goblins (Ossuary)
  7 spectral kobolds (Ossuary)
  A spectral rat (Ossuary)
  4 fire vortices (Geh:1)
  3 lurking horrors
  28 starspawn tentacles
3686 creatures vanquished.

Vanquished Creatures (collateral kills)
  An orb of fire (Zot:5)
  A sphinx (Zig:6)
  2 stone giants (Vaults:5)
  Nessos (Lair:6)
  A purple draconian (Zot:1)
  A white draconian (Zot:1)
  A halazid warlock (Desolation)
  An orange crystal statue (WizLab)
  An ettin (Depths:1)
  A deep elf high priest (Depths:4)
  2 servants of whispers (Desolation)
  An ice dragon (Depths:4)
  A spriggan air mage (Depths:4)
  A spectral draconian (Zot:1)
  An iron troll (Vaults:5)
  An ironbound convoker (Desolation)
  A necromancer (Depths:1)
  2 ugly things (Vaults:3)
  A large abomination (Lair:6)
  A smoke demon (Lair:6)
  2 blink frogs (Lair:6)
  2 saltlings (Desolation)
  A wraith (Abyss:4)
  2 small abominations (Lair:6)
30 creatures vanquished.

Vanquished Creatures (others)
  A lich (Vaults:5)
  A draconian knight (Zot:4)
  A red draconian (Zot:1)
  A hydra (Swamp:4)
  A deep elf knight (Elf:2)
  A swamp dragon (Slime:4)
  A deep elf pyromancer (Elf:1)
  3 bloated husks
  A naga (Snake:4)
  An earth elemental (Abyss:3)
  An orc wizard (D:9)
  An orc (D:9)
  A creeping inferno (Geh:1)
  48 foxfires
  106 fungi
  3 lurking horrors
  2 pillars of salt (Desolation)
  192 plants
  51 starspawn tentacles
  8 toadstools (Swamp:2)
  5 withered plants
430 creatures vanquished.

Grand Total: 4146 creatures vanquished

Notes
Turn   | Place    | Note
-------+----------+-------------------------------------------
     0 | D:1      | cbfl8 the Minotaur Berserker began the quest for the Orb.
     0 | D:1      | Reached XP level 1. HP: 19/19 MP: 0/0
   210 | D:1      | Reached XP level 2. HP: 13/27 MP: 1/1
   964 | D:1      | Reached ** piety under Trog
  1050 | D:1      | Reached XP level 3. HP: 34/34 MP: 2/2
  1066 | D:1      | Found a faded altar of an unknown god.
  1939 | D:2      | Reached skill level 1 in Stealth
  2592 | D:3      | Reached XP level 4. HP: 40/41 MP: 3/3
  2605 | D:3      | Found a bloodstained altar of Trog.
  2647 | D:3      | Found a burning altar of Makhleb.
  3466 | D:4      | Found a glowing drain.
  3490 | Sewer    | Entered a sewer
  3520 | Sewer    | Reached skill level 1 in Evocations
  3532 | Sewer    | Reached skill level 5 in Axes
  3622 | Sewer    | Reached XP level 5. HP: 47/47 MP: 4/4
  3850 | Sewer    | Reached *** piety under Trog
  3983 | Sewer    | Reached XP level 6. HP: 22/55 MP: 5/5
  4629 | D:4      | Reached skill level 5 in Fighting
  4720 | D:4      | Found a basalt altar of Yredelemnul.
  4895 | D:4      | Identified a scroll of acquirement
  4897 | D:4      | Acquired the +3 pair of seven-league boots {Rampage+∞}
  4897 | D:4      | Found the +3 pair of seven-league boots {Rampage+∞}
  4918 | D:5      | Entered Level 5 of the Dungeon
  5053 | D:5      | Reached XP level 7. HP: 46/61 MP: 6/6
  5451 | D:5      | Found a broken altar of Ashenzari.
  5804 | D:5      | Found a hide-covered altar of Uskayaw.
  5805 | D:5      | Found a radiant altar of Vehumet.
  6445 | D:6      | Reached XP level 8. HP: 64/69 MP: 7/7
  6796 | D:6      | Reached skill level 5 in Armour
  6953 | D:7      | Found a staircase to the Ecumenical Temple.
  7004 | D:7      | Reached **** piety under Trog
  7109 | D:7      | Found an iron altar of Okawaru.
  7242 | D:7      | Noticed bronco's ghost (novice HuMo)
  7243 | D:7      | Found a transporter.
  7244 | D:7      | Noticed a two-headed ogre
  7267 | D:7      | Found Qousmurgh's Armour Emporium.
  7355 | D:7      | Found a transporter.
  7663 | D:8      | Reached skill level 10 in Axes
  7665 | D:8      | Reached XP level 9. HP: 77/77 MP: 8/8
  7913 | D:8      | Reached skill level 5 in Evocations
  7916 | D:8      | Found a runed translucent door.
  7920 | D:8      | Noticed a polar bear
  7922 | D:8      | Noticed safid's ghost (novice GrEE)
  8004 | D:8      | Found a sand-covered staircase.
  8014 | Ossuary  | Entered an ossuary
  8063 | Ossuary  | Reached ***** piety under Trog
  8590 | D:8      | Identified the +9 trident "Gyxyira" {flame, rPois rF+
                  | Str+2}
  8764 | D:9      | Noticed Psyche
  8782 | D:9      | Killed Psyche
  8839 | D:9      | Found Ijess's Weapon Shoppe.
  8839 | D:9      | Found a staircase to the Orcish Mines.
  8840 | D:9      | Found Sewkih's Armour Shoppe.
  8852 | D:9      | Noticed Grum
  8864 | D:9      | Reached XP level 10. HP: 86/86 MP: 9/9
  8872 | D:9      | Killed Grum
  8974 | D:9      | Reached skill level 1 in Shields
  9421 | D:9      | Identified the +3 robe of Dithmenos's Grace {Int+4 Stlth+}
  9463 | D:10     | Entered Level 10 of the Dungeon
  9587 | D:10     | Found a staircase to the Lair.
  9864 | D:10     | Noticed a two-headed ogre
  9873 | D:10     | Killed a two-headed ogre
 10170 | D:11     | Reached XP level 11. HP: 95/95 MP: 10/10
 10747 | D:12     | Noticed a two-headed ogre
 10752 | D:12     | Killed a two-headed ogre
 10844 | D:12     | Found a snail-covered altar of Cheibriados.
 11058 | D:13     | Noticed a five-headed hydra
 11064 | D:13     | Noticed a seven-headed hydra
 11071 | D:13     | Killed a 13-headed hydra
 11072 | D:13     | Noticed a fire crab
 11319 | D:13     | Identified the +1 chain mail of Life {rF+ Will+}
 11339 | D:13     | Killed a fire crab
 11340 | D:13     | Reached skill level 5 in Shields
 11477 | D:13     | Noticed a centaur warrior
 11485 | D:13     | Killed a centaur warrior
 11605 | D:13     | Noticed a centaur warrior
 11614 | D:13     | Killed a centaur warrior
 11625 | D:13     | Reached skill level 10 in Fighting
 11821 | D:13     | Killed a 15-headed hydra
 11822 | D:13     | Reached skill level 15 in Axes
 11876 | D:13     | Found an iron altar of Okawaru.
 11878 | D:13     | Reached XP level 12. HP: 106/106 MP: 11/11
 12027 | D:13     | Received a gift from Trog
 12114 | D:13     | Reached skill level 10 in Armour
 12207 | D:13     | Acquired a manual of Shields
 12216 | D:13     | Found a gate to the Vaults.
 12216 | D:13     | Noticed a vault guard
 12216 | D:13     | Noticed a vault guard
 12225 | D:13     | Killed a vault guard
 12243 | D:13     | Killed a vault guard
 12651 | D:14     | Noticed a six-headed hydra
 12656 | D:14     | Killed a ten-headed hydra
 12782 | D:14     | Noticed a five-headed hydra
 12788 | D:14     | Killed a ten-headed hydra
 12844 | D:14     | Noticed a boulder beetle
 12855 | D:14     | Killed a boulder beetle
 13172 | D:14     | Noticed a catoblepas
 13189 | D:14     | Killed a catoblepas
 13190 | D:14     | Reached XP level 13. HP: 112/116 MP: 12/12
 13288 | D:15     | Entered Level 15 of the Dungeon
 13544 | D:15     | Identified the +5 chain mail of Dishonour {Str+5 Int+4}
 13828 | D:15     | Found a staircase to the Depths.
 13828 | D:15     | Noticed a stone giant
 14237 | D:14     | Received a gift from Trog
 14297 | D:15     | Killed a stone giant
 14606 | Lair:1   | Entered Level 1 of the Lair of Beasts
 14727 | Lair:1   | Acquired 554 gold pieces
 14761 | Lair:1   | Reached skill level 10 in Shields
 15726 | Lair:2   | Reached ****** piety under Trog
 15881 | Lair:2   | Found a staircase to the Swamp.
 15943 | Lair:2   | Reached skill level 10 in Evocations
 15946 | Lair:2   | Received a gift from Trog
 16001 | Lair:2   | Reached XP level 14. HP: 105/127 MP: 13/13
 16783 | Lair:3   | Found a staircase to the Snake Pit.
 17284 | Lair:3   | You fall into a shaft and drop 1 floor!
 17572 | Lair:4   | Noticed Sonja
 17590 | Lair:4   | Killed Sonja
 18788 | Lair:5   | Found a staircase to the Slime Pits.
 19497 | Lair:5   | Identified the +0 pair of gloves "Refriemn" {Rampage Drain
                  | rF++ Regen+}
 19537 | Lair:6   | Entered Level 6 of the Lair of Beasts
 19598 | Lair:6   | Received a gift from Trog
 19655 | Lair:6   | Noticed Nessos
 19667 | Lair:6   | Reached skill level 5 in Dodging
 19685 | Lair:6   | Killed Nessos
 20564 | Lair:6   | Reached XP level 15. HP: 137/137 MP: 14/14
 20614 | Lair:6   | Found a corrupted altar of Lugonu.
 20614 | Lair:6   | Found a one-way gate to the infinite horrors of the Abyss.
 20822 | Orc:1    | Entered Level 1 of the Orcish Mines
 20975 | Orc:1    | Received a gift from Trog
 21147 | Orc:2    | Entered Level 2 of the Orcish Mines
 21199 | Orc:2    | Found a staircase to the Elven Halls.
 21320 | Orc:2    | Noticed an orc warlord
 21329 | Orc:2    | Killed an orc warlord
 21415 | Orc:2    | Received a gift from Trog
 21958 | Orc:2    | Received a gift from Trog
 22082 | Orc:2    | Found Dianiutu's General Store.
 22082 | Orc:2    | Found Cavvugra's Assorted Antiques.
 22083 | Orc:2    | Found Ugguros's Distillery.
 22083 | Orc:2    | Found Heut's Assorted Antiques.
 22090 | Orc:2    | Bought a scroll of teleportation for 42 gold pieces
 22090 | Orc:2    | Bought a scroll of acquirement for 728 gold pieces
 22090 | Orc:2    | Bought a scroll of teleportation for 42 gold pieces
 22091 | Orc:2    | Bought a potion of heal wounds for 60 gold pieces
 22091 | Orc:2    | Bought a potion of heal wounds for 60 gold pieces
 22093 | Orc:2    | Bought a scroll of blinking for 210 gold pieces
 22250 | Orc:2    | Acquired the ring of Waiddav {rPois Will+++ MP+9 Int-2
                  | SInv}
 22429 | Swamp:1  | Entered Level 1 of the Swamp
 22752 | Swamp:1  | Noticed a thorn hunter
 22761 | Swamp:1  | Killed a thorn hunter
 22903 | Swamp:1  | Reached skill level 15 in Fighting
 23098 | Swamp:2  | Noticed a thorn hunter
 23330 | Swamp:2  | Killed a thorn hunter
 23675 | Swamp:2  | Received a gift from Trog
 23676 | Swamp:2  | Reached skill level 15 in Shields
 24169 | Swamp:2  | Reached XP level 16. HP: 148/149 MP: 15/15
 24816 | Swamp:3  | Noticed Nikola
 24837 | Swamp:3  | Killed Nikola
 25559 | Snake:1  | Entered Level 1 of the Snake Pit
 25559 | Snake:1  | Noticed Kirke
 25579 | Lair:3   | Killed Kirke
 25967 | Snake:1  | Received a gift from Trog
 26464 | Snake:2  | Found a stormy altar of Qazlal.
 26686 | Snake:2  | Noticed Donald
 26708 | Snake:2  | Killed Donald
 27589 | Snake:2  | Found Boch's Armour Emporium.
 27592 | Snake:2  | Identified the +3 plate armour of Terror {rElec rC+ rCorr}
 27806 | Snake:3  | Noticed Mlioglotl
 27871 | Snake:3  | Killed Mlioglotl
 27987 | Snake:3  | Received a gift from Trog
 28534 | Snake:3  | Found a runed translucent door.
 28534 | Snake:3  | Found Dudeble's Gadget Gallery.
 28534 | Snake:3  | Noticed Bead Fatuargh's ghost (adept DsFi)
 28543 | Snake:3  | Reached XP level 17. HP: 159/159 MP: 16/16
 28899 | Snake:3  | Found Qattut's Antique Weapon Shoppe.
 29222 | Snake:3  | Received a gift from Trog
 29222 | Snake:3  | Found the +8 Vampire's Tooth {vamp}
 29709 | Snake:3  | Killed Bead Fatuargh's ghost
 29717 | Snake:3  | Identified the +9 scimitar of Dried Tears {vamp, Int+5}
 29812 | Snake:4  | Entered Level 4 of the Snake Pit
 30252 | Snake:4  | Reached skill level 15 in Armour
 30386 | Snake:4  | Received a gift from Trog
 30633 | Snake:4  | Got a serpentine rune of Zot
 31398 | Snake:4  | Reached XP level 18. HP: 114/170 MP: 17/17
 31460 | Snake:4  | Identified the +11 hand axe "Plojy" {vorpal, Stlth+} (Trog
                  | gifted it to you on level 4 of the Snake Pit)
 31460 | Snake:4  | Received a gift from Trog
 32953 | Swamp:4  | Entered Level 4 of the Swamp
 34397 | Swamp:4  | Received a gift from Trog
 35020 | Swamp:4  | Found a basalt altar of Yredelemnul.
 35036 | Swamp:4  | Got a decaying rune of Zot
 35061 | Swamp:4  | Found a blossoming altar of Fedhas.
 35518 | Elf:1    | Entered Level 1 of the Elven Halls
 35626 | Elf:1    | Found a crumbling gateway.
 35697 | Desolati | Entered the Desolation of Salt
 35756 | Desolati | Received a gift from Trog
 35891 | Desolati | Reached XP level 19. HP: 181/181 MP: 6/18
 36160 | Desolati | Reached skill level 15 in Evocations
 36369 | Desolati | Received a gift from Trog
 36683 | Desolati | Found the +4 Cigotuvi's embrace {rMiasma Drain rN+}
 36797 | Desolati | Identified the amulet "Terunt" {Acrobat Drain rF++ rN+}
 36806 | Desolati | Identified the ring "Bucw" {rN+ MP+9 Int+3 Dex+3}
 36960 | Desolati | Identified the +2 pair of boots of Limited Liability {rPois
                  | Will++ Slay-5 Stlth+}
 36962 | Desolati | Identified the +0 pair of gloves of Proximity {rElec rC-
                  | rN+++ Str+4}
 37490 | Elf:1    | Received a gift from Trog
 39064 | Elf:2    | Found Wiupap's Book Shoppe.
 39064 | Elf:2    | Found Enlublah's Jewellery Shop.
 39065 | Elf:2    | Found Ythreitiz's Jewellery Shop.
 39071 | Elf:2    | Bought the dreamshard necklace {*Dream Drain} for 2600 gold
                  | pieces
 39071 | Elf:2    | Found the dreamshard necklace {*Dream Drain}
 39377 | Elf:2    | Received a gift from Trog
 39414 | Elf:2    | Found a runed translucent gate.
 39414 | Elf:2    | Found a runed translucent gate.
 39414 | Elf:2    | Found a runed translucent gate.
 39543 | Elf:2    | Noticed Azrael
 39577 | Elf:2    | Killed Azrael
 39706 | Elf:2    | Reached XP level 20. HP: 192/192 MP: 6/19
 39998 | Elf:3    | Entered Level 3 of the Elven Halls
 40233 | Elf:3    | Received a gift from Trog
 40356 | Elf:3    | Gained mutation: You are resistant to electric shocks.
                  | (rElec) [potion of mutation]
 40356 | Elf:3    | Gained mutation: You are agile. (Dex +2) [potion of
                  | mutation]
 41173 | Elf:3    | Identified the +12 rapier "Tecsyal" {freeze, rPois}
 41174 | Elf:3    | Identified the ring "Pucips" {MP+9 Int+3 Stlth+}
 41174 | Elf:3    | Identified the +7 morningstar of Uturir {drain, Str+9 SInv}
 41179 | Elf:3    | Identified the +1 quarterstaff "Ytauniw" {vorpal, +Blink
                  | rC++ Int+4}
 41512 | Elf:3    | Received a gift from Trog
 41964 | Elf:3    | Identified the +10 plate armour of Negligence {Contam Harm
                  | rF+++ rCorr}
 42365 | Vaults:1 | Entered Level 1 of the Vaults
 42594 | Vaults:1 | Received a gift from Trog
 43754 | Vaults:1 | Reached XP level 21. HP: 203/203 MP: 6/20
 43936 | Vaults:1 | Cast into level 3 of the Abyss (a deep elf sorcerer)
 43936 | Abyss:3  | Found a corrupted altar of Lugonu.
 43964 | Abyss:3  | Found a corrupted altar of Lugonu.
 44133 | Vaults:1 | Escaped the Abyss
 44432 | Vaults:1 | Received a gift from Trog
 45813 | Vaults:2 | You fall into a shaft and drop 2 floors!
 45813 | Vaults:4 | Found a magical portal.
 45827 | WizLab   | Entered Wucad Mu's Monastery
 46304 | WizLab   | Lost intelligence.
 46492 | WizLab   | Reached XP level 22. HP: 213/213 MP: 7/21
 48317 | Vaults:3 | Received a gift from Trog
 49375 | Vaults:2 | Found a staircase to the Crypt.
 50357 | Vaults:3 | Identified the +3 scale mail "Jiov" {rPois Str+10 Dex+2}
 50741 | Vaults:3 | Received a gift from Trog
 51373 | Vaults:3 | Lost mutation: You are resistant to electric shocks.
                  | (rElec) [potion of mutation]
 51373 | Vaults:3 | Lost mutation: You are agile. (Dex +2) [potion of mutation]
 51373 | Vaults:3 | Gained mutation: Your movements are slightly less
                  | encumbered by armour. (ER -2) [potion of mutation]
 51373 | Vaults:3 | Gained mutation: Your spells are a little harder to cast,
                  | but a little more powerful. [potion of mutation]
 51374 | Vaults:3 | Lost mutation: Your spells are a little harder to cast, but
                  | a little more powerful. [potion of mutation]
 51374 | Vaults:3 | Lost mutation: Your movements are slightly less encumbered
                  | by armour. (ER -2) [potion of mutation]
 51374 | Vaults:3 | Gained mutation: You possess an exceptional clarity of
                  | mind. [potion of mutation]
 51374 | Vaults:3 | Gained mutation: Your mind is acute. (Int +2) [potion of
                  | mutation]
 51374 | Vaults:3 | Gained mutation: Your mind is very acute. (Int +4) [potion
                  | of mutation]
 51375 | Vaults:3 | Lost mutation: You possess an exceptional clarity of mind.
                  | [potion of mutation]
 51375 | Vaults:3 | Lost mutation: Your mind is very acute. (Int +4) [potion of
                  | mutation]
 51375 | Vaults:3 | Lost mutation: Your mind is acute. (Int +2) [potion of
                  | mutation]
 51375 | Vaults:3 | Gained mutation: You have sharp toenails. [potion of
                  | mutation]
 51375 | Vaults:3 | Gained mutation: You have a pair of large horns on your
                  | head. [potion of mutation]
 51441 | Vaults:4 | Reached XP level 23. HP: 128/225 MP: 7/22
 52419 | Vaults:4 | Received a gift from Trog
 52842 | Vaults:5 | Entered Level 5 of the Vaults
 53822 | Vaults:5 | Noticed an ancient lich
 55050 | Vaults:5 | Reached skill level 1 in Throwing
 55545 | Vaults:5 | Noticed an ancient lich
 55562 | Vaults:5 | Killed an ancient lich
 55562 | Vaults:5 | Received a gift from Trog
 55950 | Vaults:5 | Found Neatum's Magic Scroll Shop.
 55952 | Vaults:5 | Identified the +10 whip of Nightmares {flame, rPois}
 55963 | Vaults:5 | Bought a scroll of enchant weapon for 127 gold pieces
 55963 | Vaults:5 | Bought a scroll of enchant armour for 127 gold pieces
 55963 | Vaults:5 | Bought a scroll of summoning for 161 gold pieces
 55963 | Vaults:5 | Bought a scroll of acquirement for 884 gold pieces
 55965 | Vaults:5 | Acquired a manual of Evocations
 55980 | Vaults:5 | Found Futyomir's Distillery.
 55985 | Vaults:5 | Bought a potion of heal wounds for 90 gold pieces
 56027 | Vaults:5 | Killed an ancient lich
 56057 | Vaults:5 | Reached XP level 24. HP: 169/242 MP: 7/22
 56140 | Vaults:5 | Received a gift from Trog
 56457 | Vaults:5 | Found the +8 Wrath of Trog {antimagic, *Rage Rampage}
 56470 | Vaults:5 | Got a silver rune of Zot
 56525 | Vaults:5 | Identified the ring of Jul Kopo {Ice rPois Str+4 Int-4}
 56816 | Vaults:5 | Identified the +2 shortbow of the Baking Fool {vorpal,
                  | Str+6}
 56968 | Vaults:5 | Found Hing's Magic Scroll Boutique.
 56975 | Vaults:5 | Bought a scroll of enchant armour for 82 gold pieces
 56975 | Vaults:5 | Bought a scroll of enchant weapon for 82 gold pieces
 56975 | Vaults:5 | Bought a scroll of summoning for 104 gold pieces
 57421 | Vaults:5 | Reached skill level 5 in Throwing
 57421 | Vaults:5 | Reached XP level 25. HP: 250/250 MP: 7/22
 57763 | Vaults:5 | Found Hing's Magic Scroll Boutique.
 57817 | Vaults:5 | Found Futyomir's Distillery.
 57824 | Vaults:5 | Found Neatum's Magic Scroll Shop.
 58376 | Depths:1 | Entered Level 1 of the Depths
 59470 | Depths:1 | Found Tep Vias's Antique Armour Emporium.
 60011 | Depths:1 | Found a gateway to Hell.
 60272 | Depths:1 | Found a runed translucent door.
 60273 | Depths:1 | Found a shimmering altar of Xom.
 60273 | Depths:1 | Noticed Suekhlun's ghost (adept DgCj)
 60482 | Depths:1 | Killed Suekhlun's ghost
 60482 | Depths:1 | Received a gift from Trog
 60852 | Depths:2 | Found a one-way gate leading to the halls of Pandemonium.
 61436 | Depths:2 | Found Jiko's Neck Hole.
 61517 | Depths:2 | Received a gift from Trog
 62725 | Depths:3 | Lost mutation: You have a pair of large horns on your head.
                  | [potion of mutation]
 62725 | Depths:3 | Lost mutation: You have sharp toenails. [potion of
                  | mutation]
 62725 | Depths:3 | Gained mutation: You have an increased reservoir of magic.
                  | (+10% MP) [potion of mutation]
 62725 | Depths:3 | Lost mutation: You have an increased reservoir of magic.
                  | (+10% MP) [potion of mutation]
 62726 | Depths:3 | Gained mutation: You have hidden genetic defects. [potion
                  | of mutation]
 62726 | Depths:3 | Gained mutation: Armour fits poorly on your strangely
                  | shaped body. [potion of mutation]
 62726 | Depths:3 | Gained mutation: You possess an exceptional clarity of
                  | mind. [potion of mutation]
 62728 | Depths:3 | Lost mutation: You have hidden genetic defects. [potion of
                  | mutation]
 62728 | Depths:3 | Lost mutation: Armour fits poorly on your strangely shaped
                  | body. [potion of mutation]
 62728 | Depths:3 | Gained mutation: Your body sometimes deteriorates upon
                  | taking damage. [potion of mutation]
 62729 | Depths:3 | Lost mutation: Your body sometimes deteriorates upon taking
                  | damage. [potion of mutation]
 62729 | Depths:3 | Lost mutation: You possess an exceptional clarity of mind.
                  | [potion of mutation]
 62729 | Depths:3 | Gained mutation: You occasionally shout uncontrollably at
                  | your foes. [potion of mutation]
 62730 | Depths:3 | Lost mutation: You occasionally shout uncontrollably at
                  | your foes. [potion of mutation]
 62730 | Depths:3 | Gained mutation: Your body sometimes deteriorates upon
                  | taking damage. [potion of mutation]
 62730 | Depths:3 | Gained mutation: You are dopey. (Int -2) [potion of
                  | mutation]
 62730 | Depths:3 | Gained mutation: Your natural rate of healing is unusually
                  | fast. [potion of mutation]
 62730 | Depths:3 | Gained mutation: You have sharp fingernails. [potion of
                  | mutation]
 62731 | Depths:3 | Lost mutation: Your natural rate of healing is unusually
                  | fast. [potion of mutation]
 62731 | Depths:3 | Lost mutation: Your body sometimes deteriorates upon taking
                  | damage. [potion of mutation]
 62731 | Depths:3 | Lost mutation: You are dopey. (Int -2) [potion of mutation]
 62731 | Depths:3 | Gained mutation: You tend to lose your temper in combat.
                  | [potion of mutation]
 62731 | Depths:3 | Gained mutation: Your spells are a little harder to cast,
                  | but a little more powerful. [potion of mutation]
 63071 | Vaults:5 | Bought a potion of mutation for 144 gold pieces
 63071 | Vaults:5 | Bought a potion of mutation for 144 gold pieces
 63071 | Vaults:5 | Lost mutation: You tend to lose your temper in combat.
                  | [potion of mutation]
 63071 | Vaults:5 | Lost mutation: You have sharp fingernails. [potion of
                  | mutation]
 63071 | Vaults:5 | Gained mutation: You have a pair of large horns on your
                  | head. [potion of mutation]
 63790 | Depths:3 | Found a transporter.
 63881 | Depths:3 | Found a one-way gateway to a ziggurat.
 64500 | Depths:3 | Noticed Sojobo
 64512 | Depths:3 | Killed Sojobo
 64529 | Depths:3 | Found a sacrificial altar of Ru.
 64638 | Depths:3 | Found a transporter.
 64639 | Depths:3 | Found a corrupted altar of Lugonu.
 64773 | Depths:4 | Entered Level 4 of the Depths
 65301 | Depths:4 | Received a gift from Trog
 65302 | Depths:4 | Found a gate to the Realm of Zot.
 65312 | Depths:4 | Reached XP level 26. HP: 157/264 MP: 7/22
 65950 | Depths:4 | Noticed a juggernaut
 65957 | Depths:4 | Killed a juggernaut
 66016 | Depths:4 | Noticed a juggernaut
 66021 | Depths:4 | Killed a juggernaut
 66022 | Depths:4 | Reached skill level 27 in Fighting
 66130 | Depths:4 | Identified the +6 tower shield "Riexa" {rElec rCorr}
 66130 | Depths:4 | Noticed Mennas
 66374 | Depths:4 | Found an opulent altar of Gozag.
 66394 | Depths:4 | Killed Mennas
 66396 | Depths:4 | Paralysed by a sphinx for 5 turns
 66825 | Depths:4 | Acquired a manual of Dodging
 67645 | Zot:1    | Entered Level 1 of the Realm of Zot
 67976 | Zot:1    | Found a transporter.
 69007 | Zot:1    | Noticed a dread lich
 69007 | Zot:1    | Noticed Cyqimiab's ghost (legendary MfGl)
 69009 | Zot:1    | Noticed a dread lich
 69093 | Zot:1    | Found a transporter.
 70547 | Zot:2    | Reached skill level 10 in Throwing
 70697 | Zot:2    | Reached skill level 27 in Shields
 71838 | Zot:3    | Received a gift from Trog
 74325 | Zot:4    | Reached XP level 27. HP: 273/273 MP: 7/22
 74880 | Zot:4    | Reached skill level 10 in Dodging
 74885 | Zot:4    | Received a gift from Trog
 75084 | Zot:5    | Entered Level 5 of the Realm of Zot
 77130 | Zot:5    | Noticed an ancient lich
 77168 | Zot:5    | Killed an ancient lich
 77168 | Zot:5    | Received a gift from Trog
 77639 | Zot:5    | Noticed an orb of fire
 77658 | Zot:5    | Killed an orb of fire
 77861 | Zot:5    | Noticed an orb of fire
 77871 | Zot:5    | Noticed an orb of fire
 77872 | Zot:5    | Gained mutation: You are dopey. (Int -2) [an orb of fire]
 77873 | Zot:5    | Gained mutation: You tend to lose your temper in combat.
                  | [an orb of fire]
 77877 | Zot:5    | Killed an orb of fire
 77885 | Zot:5    | Gained mutation: You sometimes lose the ability to read
                  | scrolls when taking damage. [an orb of fire]
 77892 | Zot:5    | Killed an orb of fire
 77994 | Zot:5    | Noticed a dread lich
 78030 | Zot:5    | Killed a dread lich
 78223 | Zot:5    | Reached skill level 15 in Throwing
 78539 | Zot:5    | Noticed a dread lich
 78550 | Zot:5    | Noticed an ancient lich
 78552 | Zot:5    | Noticed an orb of fire
 78562 | Zot:5    | Noticed an orb of fire
 78566 | Zot:5    | Gained mutation: Your body sometimes deteriorates upon
                  | taking damage. [an orb of fire]
 78567 | Zot:5    | Killed an orb of fire
 78571 | Zot:5    | Noticed an ancient lich
 78572 | Zot:5    | Noticed an ancient lich
 78580 | Zot:5    | Noticed an ancient lich
 79024 | Zot:5    | Lost mutation: Your spells are a little harder to cast, but
                  | a little more powerful. [an orb of fire]
 79034 | Zot:4    | Killed an orb of fire
 79036 | Zot:4    | Killed an ancient lich
 79094 | Zot:5    | Killed an ancient lich
 79125 | Zot:5    | Killed an ancient lich
 79222 | Zot:5    | Killed a dread lich
 79227 | Zot:5    | Killed an ancient lich
 81152 | Crypt:1  | Entered Level 1 of the Crypt
 81276 | Crypt:1  | Received a gift from Trog
 81288 | Crypt:1  | Found an ancient bone altar of Kikubaaqudgha.
 82232 | Crypt:2  | Noticed Saint Roka
 82266 | Crypt:2  | Killed Saint Roka
 82275 | Crypt:2  | Noticed Khufu
 82772 | Crypt:1  | Lost mutation: Your body sometimes deteriorates upon taking
                  | damage. [potion of mutation]
 82772 | Crypt:1  | Lost mutation: You sometimes lose the ability to read
                  | scrolls when taking damage. [potion of mutation]
 82772 | Crypt:1  | Lost mutation: You have a pair of large horns on your head.
                  | [potion of mutation]
 82772 | Crypt:1  | Gained mutation: Your system is resistant to poisons.
                  | (rPois) [potion of mutation]
 83145 | Crypt:2  | Killed Khufu
 83222 | Crypt:2  | Reached skill level 27 in Armour
 83681 | Crypt:3  | Entered Level 3 of the Crypt
 83944 | Crypt:3  | Lost mutation: You tend to lose your temper in combat.
                  | [potion of mutation]
 83944 | Crypt:3  | Lost mutation: Your system is resistant to poisons. (rPois)
                  | [potion of mutation]
 83944 | Crypt:3  | Lost mutation: You are dopey. (Int -2) [potion of mutation]
 83944 | Crypt:3  | Gained mutation: You tend to lose your temper in combat.
                  | [potion of mutation]
 83944 | Crypt:3  | Gained mutation: You have a beak for a mouth. [potion of
                  | mutation]
 83944 | Crypt:3  | Gained mutation: You are strong-willed. (Will+) [potion of
                  | mutation]
 83955 | Crypt:3  | Reached skill level 15 in Dodging
 84336 | Crypt:3  | Received a gift from Trog
 84405 | Crypt:3  | Reached skill level 5 in Stealth
 84520 | Crypt:3  | Found a basalt altar of Yredelemnul.
 84520 | Crypt:3  | Noticed a dread lich
 84525 | Crypt:3  | Killed a dread lich
 84528 | Crypt:3  | Found a staircase to the Tomb.
 84771 | Crypt:3  | Identified the amulet "Todaklod" {rPois Regen+ Str-4 Dex+9}
 84771 | Crypt:3  | Identified the ring of Qeseecva {rPois rN+}
 84771 | Crypt:3  | Identified the ring of Wacehuf {Drain rN+ rCorr Str-3
                  | Dex+8}
 85100 | Tomb:1   | Entered Level 1 of the Tomb of the Ancients
 85387 | Tomb:1   | Received a gift from Trog
 85421 | Tomb:1   | Paralysed by a sphinx for 6 turns
 88854 | Depths:3 | Received a gift from Trog
 89216 | Depths:3 | Identified the amulet "Danuychakh" {Reflect rF+ Str+2 Dex+4
                  | SH+5 Stlth+}
 89552 | Slime:1  | Entered Level 1 of the Pits of Slime
 90539 | Slime:5  | Entered Level 5 of the Pits of Slime
 90562 | Slime:5  | Noticed the Royal Jelly
 91252 | Slime:5  | Gained mutation: Your magical capacity is low. (-10% MP) [a
                  | shining eye]
 91259 | Slime:5  | Gained mutation: You are frail. (-10% HP) [a shining eye]
 91260 | Slime:5  | Gained mutation: You often lose your temper in combat. [a
                  | shining eye]
 91316 | Slime:5  | Gained mutation: You have an uncontrollable temper. [a
                  | shining eye]
 91498 | Slime:5  | Gained mutation: You occasionally shout uncontrollably at
                  | your foes. [a shining eye]
 91642 | Slime:5  | Killed the Royal Jelly
 91886 | Slime:5  | Gained mutation: You sometimes lose the ability to read
                  | scrolls when taking damage. [a shining eye]
 91887 | Slime:5  | Lost mutation: You are strong-willed. (Will+) [a shining
                  | eye]
 91955 | Slime:5  | Received a gift from Trog
 92028 | Slime:5  | Identified the +1 pair of gloves of Midnight {rC- rCorr
                  | Dex+3}
 92031 | Slime:5  | Identified the +2 hunting sling "Dotel" {venom, +Blink rC-
                  | Str+3}
 92076 | Slime:5  | Identified the ring of Qableu {Fire *Corrode Str-3 Int+10}
 92085 | Slime:5  | Got a slimy rune of Zot
 92098 | Slime:5  | Identified the ring "Fost" {Fly rC+ Int+4}
 92567 | Lair:6   | Voluntarily entered the Abyss.
 92579 | Abyss:1  | Lost mutation: You have an uncontrollable temper. [potion
                  | of mutation]
 92579 | Abyss:1  | Lost mutation: You occasionally shout uncontrollably at
                  | your foes. [potion of mutation]
 92579 | Abyss:1  | Lost mutation: You are frail. (-10% HP) [potion of
                  | mutation]
 92579 | Abyss:1  | Lost mutation: Your magical capacity is low. (-10% MP)
                  | [potion of mutation]
 92580 | Abyss:1  | Lost mutation: You have a beak for a mouth. [potion of
                  | mutation]
 92580 | Abyss:1  | Lost mutation: You often lose your temper in combat.
                  | [potion of mutation]
 92580 | Abyss:1  | Gained mutation: You are somewhat resistant to further
                  | mutation. [potion of mutation]
 92828 | Abyss:3  | Found a corrupted altar of Lugonu.
 93003 | Abyss:3  | Found a transporter.
 93003 | Abyss:3  | Found a corrupted altar of Lugonu.
 93062 | Abyss:3  | Found a transporter.
 93077 | Abyss:3  | Identified the ring of Huazuph {rF+ Will- Str+8 Int-5
                  | Slay+4}
 93086 | Abyss:3  | Found a transporter.
 93117 | Abyss:3  | Found a transporter.
 93778 | Abyss:3  | Noticed a dread lich
 93786 | Abyss:3  | Killed a dread lich
 93872 | Abyss:3  | Paralysed by accursed screaming for 1 turns
 93896 | Abyss:3  | Noticed an ancient lich
 93917 | Abyss:3  | Killed an ancient lich
 94041 | Lair:6   | Escaped the Abyss
 94391 | Lair:6   | Voluntarily entered the Abyss.
 94532 | Abyss:4  | Found a corrupted altar of Lugonu.
 94577 | Abyss:5  | Entered Level 5 of the Abyss
 94618 | Abyss:5  | Lost intelligence.
 94758 | Lair:6   | Escaped the Abyss
 95183 | Lair:6   | Voluntarily entered the Abyss.
 95205 | Abyss:1  | Found an iron altar of Okawaru.
 95269 | Abyss:1  | Noticed an ancient lich
 95275 | Abyss:2  | Found a corrupted altar of Lugonu.
 95312 | Abyss:3  | Found a corrupted altar of Lugonu.
 95621 | Abyss:4  | Found a corrupted altar of Lugonu.
 96071 | Abyss:4  | Gained mutation: You are weak. (Str -2) [a neqoxec]
 96197 | Lair:6   | Escaped the Abyss
 96756 | D:7      | Killed bronco's ghost
 96885 | D:8      | Killed safid's ghost
 97297 | Zot:1    | Paralysed by something for 2 turns
 97306 | Zot:1    | Killed a dread lich
 97306 | Zot:1    | Paralysed by something for 2 turns
 97312 | Zot:1    | Killed a dread lich
 97682 | Zot:1    | Killed Cyqimiab's ghost
 97719 | Zot:1    | Identified the ring of Lesser Demons {rC+ AC+4 Str-3 Int+3
                  | Stlth+}
 98029 | Depths:3 | Voluntarily entered the Abyss.
 98029 | Abyss:1  | Noticed an ancient lich
 98047 | Abyss:1  | Killed an ancient lich
 98067 | Abyss:1  | Killed an ancient lich
 98101 | Depths:3 | Escaped the Abyss
 98290 | Depths:3 | Voluntarily entered the Abyss.
 98290 | Abyss:1  | Noticed an ancient lich
 98290 | Abyss:1  | Noticed a dread lich
 98290 | Abyss:1  | Noticed an ancient lich
 98291 | Abyss:1  | Noticed a dread lich
 98298 | Abyss:1  | Killed an ancient lich
 98307 | Abyss:1  | Killed a dread lich
 98317 | Abyss:1  | Killed an ancient lich
 98320 | Depths:3 | Escaped the Abyss
 98331 | Depths:3 | Killed a dread lich
 98613 | Depths:3 | Voluntarily entered the Abyss.
 99065 | Abyss:3  | Paralysed by accursed screaming for 1 turns
 99230 | Abyss:3  | Reached skill level 1 in Short Blades
 99230 | Abyss:3  | Reached skill level 1 in Slings
 99230 | Abyss:3  | Reached skill level 1 in Bows
 99230 | Abyss:3  | Reached skill level 1 in Crossbows
 99230 | Abyss:3  | Reached skill level 1 in Unarmed Combat
 99230 | Abyss:3  | Reached skill level 1 in Invocations
 99230 | Abyss:3  | Got an abyssal rune of Zot
 99411 | Depths:3 | Escaped the Abyss
 99783 | Hell     | Entered the Vestibule of Hell
 99783 | Hell     | Noticed Geryon
100215 | Hell     | Killed Geryon
101119 | Zig:1    | Entered Level 1 of a ziggurat
101143 | Zig:2    | Entered Level 2 of a ziggurat
101160 | Zig:2    | Lost mutation: You tend to lose your temper in combat.
                  | [potion of mutation]
101160 | Zig:2    | Lost mutation: You are somewhat resistant to further
                  | mutation. [potion of mutation]
101160 | Zig:2    | Gained mutation: You have sharp toenails. [potion of
                  | mutation]
101160 | Zig:2    | Gained mutation: Your magical capacity is low. (-10% MP)
                  | [potion of mutation]
101160 | Zig:2    | Gained mutation: You are partially covered in iridescent
                  | scales. (AC +2) [potion of mutation]
101164 | Zig:3    | Entered Level 3 of a ziggurat
101240 | Zig:4    | Entered Level 4 of a ziggurat
101340 | Zig:5    | Entered Level 5 of a ziggurat
101422 | Zig:5    | Identified the ring of Sungascha {rF+ Dex+6}
101443 | Zig:6    | Entered Level 6 of a ziggurat
101707 | Zig:6    | Identified the +1 pair of gloves of Gehenna {Int+6 SInv}
101728 | Zig:7    | Entered Level 7 of a ziggurat
101805 | Zig:7    | Identified the +6 whip of Symmetry {elec, rC- rN+ Dex+7}
101817 | Zig:7    | Lost mutation: You have sharp toenails. [potion of
                  | mutation]
101817 | Zig:7    | Lost mutation: You are weak. (Str -2) [potion of mutation]
101817 | Zig:7    | Lost mutation: You sometimes lose the ability to read
                  | scrolls when taking damage. [potion of mutation]
101817 | Zig:7    | Gained mutation: You have supernaturally acute eyesight.
                  | (SInv) [potion of mutation]
101817 | Zig:7    | Gained mutation: You have large cloven feet. [potion of
                  | mutation]
101847 | Zig:8    | Entered Level 8 of a ziggurat
101853 | Zig:8    | Noticed an ancient lich
101854 | Zig:8    | Found the +8 arc blade {discharge, rElec}
101864 | Zig:8    | Killed an ancient lich
101873 | Zig:8    | Identified the ring of Taghixu {+Blink MP+9 Int+6}
102011 | Zig:9    | Entered Level 9 of a ziggurat
102020 | Zig:9    | Noticed Paph the pandemonium lord
102054 | Zig:9    | Killed Paph the pandemonium lord
102083 | Zig:9    | Identified the +9 morningstar of Tiemyov {spect, rPois
                  | Str+4 Dex-2}
102136 | Zig:10   | Entered Level 10 of a ziggurat
102178 | Zig:10   | Reached skill level 10 in Stealth
102496 | Zig:11   | Entered Level 11 of a ziggurat
102823 | Zig:12   | Entered Level 12 of a ziggurat
102845 | Zig:12   | Noticed a juggernaut
102846 | Zig:12   | Noticed a juggernaut
102859 | Zig:12   | Noticed a juggernaut
102860 | Zig:12   | Killed a juggernaut
102863 | Zig:12   | Killed a juggernaut
102863 | Zig:12   | Received a gift from Trog
102886 | Zig:12   | Killed a juggernaut
103051 | Zig:12   | Found the +7 lajatang of Order {silver, rMut}
103060 | Zig:12   | Identified the amulet of Qoguened {RegenMP +Blink rN+
                  | Slay+3}
103146 | Zig:13   | Entered Level 13 of a ziggurat
103158 | Zig:13   | Noticed a juggernaut
103162 | Zig:13   | Noticed a juggernaut
103174 | Zig:13   | Killed a juggernaut
103181 | Zig:13   | Killed a juggernaut
103504 | Zig:14   | Entered Level 14 of a ziggurat
103526 | Zig:14   | Noticed an ancient lich
103554 | Zig:14   | Killed an ancient lich
103578 | Zig:14   | Noticed an ancient lich
103594 | Zig:14   | Killed an ancient lich
103594 | Zig:14   | Identified the +7 hand axe of Oenomania {vorpal, Dex+4}
                  | (Trog gifted it to you on level 14 of a ziggurat)
103594 | Zig:14   | Received a gift from Trog
103903 | Zig:14   | Identified the +9 shortbow of Mastery {vorpal, Drain Fly
                  | rElec Will+ Str+2}
103927 | Zig:15   | Entered Level 15 of a ziggurat
103941 | Zig:15   | Noticed a royal mummy
103950 | Zig:15   | Noticed a royal mummy
103960 | Zig:15   | Noticed a royal mummy
104524 | Depths:3 | Killed a royal mummy
105728 | Hell     | Noticed Murray
105758 | Hell     | Killed Murray
106213 | Hell     | Found a gateway to the ashen valley of Gehenna.
106288 | Hell     | Found a gateway to the Iron City of Dis.
106375 | Hell     | Found a gateway to the freezing wastes of Cocytus.
106448 | Hell     | Found a gateway to the decaying netherworld of Tartarus.
106645 | Geh:1    | Entered Level 1 of Gehenna
107181 | Dis:1    | Entered Level 1 of the Iron City of Dis
107232 | Dis:1    | Received a gift from Trog
107644 | Dis:1    | Lost intelligence.
108476 | Depths:3 | Voluntarily entered the Abyss.
108530 | Depths:3 | Escaped the Abyss
108799 | Tar:1    | Entered Level 1 of Tartarus
111070 | Zot:5    | Got the Orb of Zot
111123 | Zot:5    | Noticed Ralupolu the pandemonium lord
111150 | Zot:5    | Killed Ralupolu the pandemonium lord
111285 | Depths:4 | Noticed Ziluv the pandemonium lord
111310 | Depths:3 | Killed Ziluv the pandemonium lord
111348 | Depths:1 | Noticed Estry the pandemonium lord
111364 | Depths:1 | Killed Estry the pandemonium lord
111403 | D:13     | Gained mutation: You sometimes lose the ability to read
                  | scrolls when taking damage. [a neqoxec]
111489 | D:10     | Noticed Itirchydgh the pandemonium lord
111504 | D:10     | Killed Itirchydgh the pandemonium lord
111689 | D:7      | Cast into level 2 of the Abyss (a deep elf sorcerer)
111710 | D:7      | Escaped the Abyss
111883 | D:1      | Gained mutation: Your magical capacity is very low. (-20%
                  | MP) [a neqoxec]
111896 | D:1      | Gained mutation: You possess an exceptional clarity of
                  | mind. [a neqoxec]
112015 | D:$      | Escaped with the Orb!

Illustrated notes

Levels and vault maps discovered:
D:1:      dpeg_arrival_water_fire, layout_loops_ring, serial_aquarium,
          aquarium_bridge_long_separate [aquarium_subvault_wall,
          aquarium_subvault_bridge, aquarium_subvault_bridge,
          aquarium_subvault_bridge, aquarium_subvault_bridge,
          aquarium_subvault_wall], aquarium_window_3, aquarium_window_fake,
          aquarium_window_1, aquarium_window_double, aquarium_view_2d,
          aquarium_balcony_3b, dilly_ecumenical_altar_fadedgnrine
D:2:      minmay_spotlight, layout_basic
D:3:      layout_basic, mainiacjoe_overflow_big_doors
D:4:      layout_loops_corners, general_overflow_altar,
          cheibrodos_sewer_entry_bend
D:5:      layout_gridville, kennysheep_mini, gammafunk_temple_overflow_statue
D:6:      layout_cave_pods, kennysheep_generic_room_5
D:7:      layout_loops_cross, overflow_temple_1_default,
          minmay_temple_entry_drinking_statues, serial_shops,
          kennysheep_little_box, gammafunk_ghost_smash,
          eino_small_chamber_without_monster
D:8:      layout_loops_ring, gup_ossuary_entry_pyramid,
          ebering_ghost_funeral_grove
D:9:      layout_long_grid, orc_david_3, minivault_19, hangedman_misty_isle,
          uniq_grum, uniq_psyche
D:10:     layout_loops_ring, lair_entry_dummy
D:11:     layout_big_octagon
D:12:     layout_basic, cheibriados_altar_1
D:13:     layout_basic, grunt_vaults_entry_tiered, okawaru_ov_weapons_minmay
D:14:     layout_irregular_city, minivault_5
D:15:     grunt_enter_depths_giant_problem, layout_rooms, minmay_fountain_box,
          drop_trap
Lair:1:   layout_roguey [special_room_bee], chequers_serial_rivers_micro_c,
          minmay_holes
Lair:2:   layout_chaotic_city, minmay_swamp_entry_worms, grunt_megastairs_2,
          serial_bayou_shore_a, infiniplex_staircase_pool_2
Lair:3:   layout_cave_pods, guppyfry_snake_entry_island, beast_lair_carwin_8
Lair:4:   layout_hall_layers, uniq_sonja
Lair:5:   layout_cave_pods, slime_dummy
Lair:6:   hellmonk_lair_end_abyssal_woods, layout_gridlike,
          chequers_serial_rivers_micro_a, infiniplex_staircase_pool, uniq_nessos
Swamp:1:  layout_basic_swamp, evilmike_swamp_ruin_house_3
Swamp:2:  cheibrodos_swamp_tower_of_moss, layout_basic_swamp,
          evilmike_swamp_ruin_house_1, swamp_pool1
Swamp:3:  layout_falls_marsh, evilmike_swamp_ruin_house_4, swamp_pool2,
          nicolae_swamp_some_circles, uniq_nikola
Swamp:4:  byrel_swamp_growth_death_and_undeath, layout_basic_swamp
Snake:1:  layout_misc_corridors, serial_bayou, serial_bayou_ford_a,
          serial_bayou_pond_e, serial_bayou_pond_d, serial_bayou_pond_e,
          uniq_kirke
Snake:2:  layout_grid_maze, basic_altar, nicolae_stop_n_shop_1, uniq_donald
Snake:3:  layout_chambers, serial_shops, nicolae_diamond_shop,
          gammafunk_ghost_grave, nicolae_shop_gadgets, uniq_mlioglotl
Snake:4:  grunt_snake_rune_spirals, layout_onion, nicolae_snake_scaly_snakehead
Slime:1:  layout_caves
Slime:2:  layout_caves
Slime:3:  layout_caves
Slime:4:  layout_caves
Slime:5
Orc:1:    layout_diamond_mine, special_room [special_room_orc], basic_altar
Orc:2:    st_orc_pillars, layout_caves
Elf:1:    layout_geoelf_octagon, portal_desolation_entry_nicolae_nacl,
          kennysheep_underground_church, einodemon_armed_red_devil_minivault
Elf:2:    nicolae_elf_blades_splatter_lattice [grunt_blade_entry_basic],
          layout_geoelf_octagon, minmay_shop_grove, uniq_azrael
Elf:3:    elf_hall, layout_geoelf_castle, elves_outpost_lemuel
Vaults:1: vaults_mumra_chevron_long, hangedman_vaults_trim,
          dpeg_vaults_pockets_of_resistance, vaults_mumra_minichess,
          nicolae_vaults_twisting_passages, ontoclasm_vaults_shuriken,
          v_misc_10, nicolae_vaults_windows_and_doors_thing,
          nicolae_vaults_network_barrier, ontoclasm_vaults_ring_large,
          vaults_room_pools, layout_vaults_omnibox
Vaults:2: nicolae_vaults_asterisk, v_alt_pattern_1, ontoclasm_vaults_eye,
          grunt_vaults_funnel, nicolae_vaults_little_squares_2,
          nicolae_vaults_yaktaur_gun_rack, vaults_room_hallway, v_pattern_2,
          blue_anna_dwarven_crypt, layout_vaults_omnigrid
Vaults:3: grunt_vaults_hallway_short, vaults_dpeg_diagonal, v_misc_25,
          v_rooms_6, nicolae_vaults_mini_display_case,
          nicolae_vaults_what_the_h, v_rooms_4, nicolae_vaults_meeting,
          vaults_room_hallway, v_misc_27, nicolae_vaults_diagonal_hallway_7,
          vaults_room_fancy_cross, vaults_dpeg_doors, vaults_room_door_hall,
          ontoclasm_vaults_misaligned, ontoclasm_vaults_pinch,
          layout_vaults_maze
Vaults:4: infiniplex_enter_wizlab_water, hangedman_vaults_snaps,
          vaults_standard_mumra_enter_the_diamond, v_misc_4,
          hangedman_vaults_cutoff, vaults_room_corners, grunt_vaults_diagonal,
          nicolae_vaults_little_squares_6, grunt_vaults_hallway_short,
          nicolae_vaults_little_squares_1, layout_vaults_chaotic_city
Vaults:5
Crypt:1:  layout_catacombs, nicolae_crypt_little_mausoleum
Crypt:2:  layout_rooms, uniq_khufu, uniq_saint_roka
Crypt:3:  cryptofortress_bobbens
Tomb:1:   uniq_mara
Depths:1: layout_twisted_cross, grunt_mini_vestibule, serial_shops, shop,
          ebering_ghost_xom, serial_bayou_lagoon_a,
          serial_sigils_hangedman_shear, hellmonk_scarab_ruin
Depths:2: mu_elephants_graveyard, layout_basic, rand_demon_pan_entry_3,
          hell_entry, hangedman_decor_clover_reticule,
          nicolae_shop_sticking_my_neck_out, infiniplex_staircase_pillars_3b
Depths:3: gammafunk_corrupted_shrine, layout_gridlike, enter_ziggurat_d,
          abyss_entry_glasseish, wad_floor_pattern_untrapped,
          grunt_pan_entry_zigzag, pf_vacation_house_of_asmodeus,
          nicolae_ru_sacrificial_ziggurat, uniq_sojobo
Depths:4: grunt_crosshair, layout_basic, hell_entry, grunt_pan_entry_in_and_out,
          grunt_gozag_statues, uniq_mennas
Hell
Dis:1:    layout_regular_city
Geh:1:    layout_gehenna_lava_caves
Geh:2:    layout_gehenna_pools_box
Tar:1:    layout_cathedral_of_symmetry
Zot:1:    layout_basic, gammafunk_ghost_mausoleum, lemuel_flame_loot_1
Zot:2:    layout_misc_corridors, grunt_ministairs_8
Zot:3:    layout_gridlike, lemuel_baited_zot_trap
Zot:4:    hangedman_snap_crack_crunch, layout_cathedral_of_symmetry
Zot:5:    layout_twisted_circle, guppyfry_library_mini

Skill      XL: |  1  2  3  4  5  6  7  8  9 10 11 12 13 14 15 16 17 18 19 20 21 22 23 24 25 26 27 |
---------------+----------------------------------------------------------------------------------+-----
Fighting       | 4 5 6 7 8 10 11 12 13 15 16 17 18 19 20 21 22 25 26 27 | 27.0
Axes           | 4 5 6 8 10 12 13 15 16 17 18 19 20 21 22 23 24 | 24.8
Stealth        | 1 2 3 12 | 12.8
Evocations     | 1 2 3 4 5 6 8 10 11 12 13 14 15 16 17 18 22 | 22.7
Armour         | 3 4 5 6 8 9 10 11 12 13 14 15 16 17 18 19 20 22 27 | 27.0
Dodging        | 3 4 5 6 7 8 9 21 | 21.6
Shields        | 3 6 8 11 13 15 16 18 19 20 21 22 24 25 27 | 27.0
Throwing       | 4 5 8 12 21 | 21.9
Short Blades   | 1 |  1.8
Long Blades    | 2 |  2.0
Staves         | 2 |  2.0
Slings         | 3 |  3.0
Bows           | 2 |  2.4
Crossbows      | 2 |  2.3
Unarmed Combat | 3 |  3.0
Invocations    | 2 |  2.7

Action                   |  1- 3 |  4- 6 |  7- 9 | 10-12 | 13-15 | 16-18 | 19-21 | 22-24 | 25-27 || total
-------------------------+-------+-------+-------+-------+-------+-------+-------+-------+-------++-------
Melee: Hand axe          |    67 |   142 |    93 |       |       |       |       |       |       ||   302
       Headbutt          |    10 |    19 |    76 |   104 |   236 |   369 |   337 |   250 |  1500 ||  2901
       Punch             |     2 |       |     4 |       |       |       |       |       |       ||     6
       War axe           |       |       |   269 |   311 |       |       |       |       |       ||   580
       Broad axe         |       |       |       |    67 |  1136 |  1414 |  1242 |   776 |  4406 ||  9041
       Peck              |       |       |       |       |       |       |       |       |   165 ||   165
Throw: Boomerang         |       |       |       |       |       |       |       |       |    12 ||    12
       Javelin           |       |       |       |       |       |       |       |       |     5 ||     5
Invok: Berserk           |       |     2 |     5 |     8 |    17 |    25 |    10 |    10 |    55 ||   132
       Brothers in Arms  |       |       |       |       |     1 |       |     2 |     1 |     9 ||    13
       Trog's Hand       |       |       |       |       |       |       |     8 |    11 |    40 ||    59
Evoke: Wand              |       |       |       |       |    20 |    19 |     7 |     9 |    34 ||    89
       Condenser vane    |       |       |       |       |       |       |     1 |       |     3 ||     4
       Phial of floods   |       |       |       |       |       |       |       |       |     2 ||     2
       Phantom mirror    |       |       |       |       |       |       |       |       |     2 ||     2
  Use: Scroll            |     3 |     4 |     3 |    10 |    13 |    12 |    19 |    15 |    22 ||   101
       Potion            |       |       |       |       |     1 |     5 |    12 |    10 |    56 ||    84
 Stab: Sleeping          |     5 |       |       |       |       |       |     1 |       |     1 ||     7
       Distracted        |       |       |       |     1 |       |       |     1 |     1 |     3 ||     6
       Petrifying        |       |       |       |       |     1 |       |       |       |       ||     1
       Petrified         |       |       |       |       |       |       |       |       |     3 ||     3
       Paralysed         |       |       |       |       |       |       |       |       |     2 ||     2
Armor: Animal skin       |     7 |     4 |       |       |       |       |       |       |       ||    11
       Plate armour      |       |    94 |   172 |    95 |       |   203 |   392 |   253 |   999 ||  2208
       Skin              |       |       |     4 |       |       |       |       |       |       ||     4
       Chain mail        |       |       |       |    99 |   505 |   401 |       |       |       ||  1005
Dodge: Dodged            |    55 |    82 |   195 |   151 |   378 |   450 |   323 |   225 |  1282 ||  3141
Block: Kite shield       |       |       |    19 |   162 |   618 |   248 |   712 |   668 |  2425 ||  4852
       Tower shield      |       |       |       |       |       |  1111 |   263 |       |  1187 ||  2561
       Reflection        |       |       |       |       |       |    11 |    46 |    43 |   101 ||   201
